 Dungeon Crawl Stone Soup version 0.22.0-6-g71bd7aa6b3 (webtiles) character file.

6746 IceCat the Thaumaturge (level 10, -6/50 HPs)
             Began as a Deep Elf Ice Elementalist on Aug 15, 2018.
             Was a High Priest of Sif Muna.
             Killed from afar by a molten gargoyle (31 damage)
             ... with a bolt of magma
             ... on level 10 of the Dungeon.
             The game lasted 01:14:32 (13011 turns).

IceCat the Thaumaturge (Deep Elf Ice Elementalist) Turns: 13011, Time: 01:14:33

Health: -6/50      AC:  6    Str:  5    XL:     10   Next: 75%
Magic:  3/26       EV: 12    Int: 24    God:    Sif Muna [*****.]
Gold:   572        SH:  0    Dex: 15    Spells: 10/29 levels left

rFire    . . .     SeeInvis +   b - +0 dagger
rCold    . . .     Gourm    .   (no shield)
rNeg     . . .     Faith    +   M - +3 leather armour of the Ward {rCorr}
rPois    +         Spirit   .   (no helmet)
rElec    .         Reflect  .   (no cloak)
rCorr    +         Harm     .   (no gloves)
MR       +....                  (no boots)
Stlth    +++.......             B - amulet of faith
HPRegen  0.16/turn              G - ring of poison resistance
MPRegen  0.20/turn              E - ring of see invisible

@: drained, divine energy
A: no striking features
a: Stop Divine Energy, Channel Magic, Forget Spell, Renounce Religion


You were on level 10 of the Dungeon.
You worshipped Sif Muna.
Sif Muna was extremely pleased with you.
You were very hungry.

You visited 1 branch of the dungeon, and saw 10 of its levels.

You collected 572 gold pieces.

Inventory:

Hand Weapons
 b - a +0 dagger (weapon)
 v - a +2 vampiric dagger
Armour
 z - a +0 robe of fire resistance
 J - a +2 robe of magic resistance
 M - the +3 leather armour of the Ward (worn) {rCorr}
   (You found it on level 9 of the Dungeon)

   It provides partial protection from all sources of acid and corrosion.
Jewellery
 d - an uncursed ring of protection from magic
 e - an uncursed ring of fire
 u - an uncursed ring of fire
 B - an amulet of faith (around neck)
 E - a ring of see invisible (right hand)
 G - a ring of poison resistance (left hand)
Wands
 k - a wand of random effects (23)
 r - a wand of acid (13)
 w - a wand of enslavement (13)
 F - a wand of clouds (3)
Scrolls
 a - a scroll of noise {unknown}
 g - 3 scrolls of remove curse
 h - 11 scrolls of identify
 i - 2 scrolls of immolation {unknown}
 l - 4 scrolls of enchant armour {unknown}
 m - 3 scrolls of teleportation {unknown}
 o - 3 scrolls of magic mapping {unknown}
 p - a scroll of fear
 q - 2 scrolls of amnesia {unknown}
 x - 2 scrolls of blinking {unknown}
 y - 3 scrolls of enchant weapon {unknown}
 I - 2 scrolls of silence {unknown}
 L - a scroll of random uselessness {unknown}
Potions
 f - 7 potions of curing {unknown}
 j - 3 potions of magic {unknown}
 n - 2 potions of lignification {unknown}
 s - a potion of invisibility {unknown}
 t - 6 potions of agility {unknown}
 A - 2 potions of heal wounds {unknown}
 C - 2 potions of degeneration {unknown}
 D - 2 potions of resistance {unknown}
 H - a potion of flight {unknown}
Comestibles
 c - 22 rations


   Skills:
 - Level 1.4(1.3) Armour
 + Level 3.2(3.1) Dodging
 * Level 5.9(5.8) Stealth
 + Level 10.1(10.0) Spellcasting
 + Level 6.5(6.4) Conjurations
 - Level 5.0(4.9) Hexes
 - Level 5.0(4.9) Summonings
 * Level 5.8(5.7) Translocations
 + Level 9.9(9.8) Ice Magic
 * Level 4.1 Invocations


You had 10 spell levels left.
You knew the following spells:

 Your Spells              Type           Power        Failure   Level  Hunger
a - Freeze                Ice            ####         1%          1    None
b - Throw Frost           Conj/Ice       ######       1%          2    None
c - Throw Icicle          Conj/Ice       ######..     3%          4    #......
d - Ozocubu's Armour      Chrm/Ice       #####...     3%          3    None
e - Summon Ice Beast      Ice/Summ       #####...     4%          4    #......
f - Portal Projectile     Hex/Tloc       #####.       2%          3    None
g - Passwall              Tmut/Erth      ##......     13%         2    None

Your spell library contained the following spells:

 Spells                   Type           Power        Failure   Level  Hunger
 Cause Fear               Hex            #####.....   11%         4    #......
 Slow                     Hex            #####...     1%          2    None
 Stone Arrow              Conj/Erth      ####..       7%          3    None
 Corona                   Hex            #####..      1%          1    None
 Lee's Rapid Deconstruct  Erth           ##........   93%         5    ####...
 Sandblast                Erth           ##....       9%          1    None
 Petrify                  Tmut/Erth      ##......     63%         4    #......
 Leda's Liquefaction      Hex/Erth       ###.......   30%         4    #......
 Inner Flame              Hex/Fire       ###.....     10%         3    None


Dungeon Overview and Level Annotations

Branches:
Dungeon (10/15)            Temple (0/1) D:5            Lair (0/6) D:9
    Orc: D:9-12

Altars:
Ashenzari
Elyvilon
Fedhas
Kikubaaqudgha
Okawaru
Qazlal
Sif Muna
Vehumet
Wu Jian
The Shining One

Shops:
D:6 ?


Message History

The hound bites your ice beast but does no damage.
Something hits your ice beast but does no damage.
The hound closely misses your ice beast.
Your ice beast barely misses the hound.
Your ice beast hits the hound.
Your ice beast freezes the hound!
The hound dies!
Sif Muna accepts your kill. Something hits your ice beast!
Your ice beast is engulfed in flames!
Your ice beast melts!
You swap places.
Your ice beast hits the molten gargoyle.
Your ice beast freezes the molten gargoyle!!
The molten gargoyle is destroyed!
Sif Muna accepts your kill.
The molten gargoyle blasts magma at you!
The bolt of magma hits your ice beast.
Your ice beast melts!
The bolt of magma hits you!
Ouch! That really hurt!
You die...

..# #.# #.# ### #.## ...
...################.##
...............#...(.
.......#######.#.##.#
##.....# ##.#.##.#######
###....######...@Y.Y......#
##.†.....##..#Y##)#####.##.##
#............#9#.####...%..h.
#...#....##.###....9.# #.#
####..###.......#.#.####9# #.
.....## ##.......##.# .. .
.....# #..##....#.. §§≈
##...# #.# ##...#.## ≈9≈
#......... #.....#


88 You could see a molten gargoyle and 3 friendly ice beasts.

Vanquished Creatures
  The ghost of Htamos the Archer, a novice CeEE of Okawaru (D:8)
  Psyche (D:8)
  Prince Ribbit (D:7)
  A slime creature (D:9)
  2 hippogriffs
  4 yaks
  2 water moccasins
  2 orc warriors
  A black bear (D:7)
  A phantom (D:9)
  2 sky beasts
  An ogre (D:8)
  2 centaurs
  A big kobold (D:9)
  4 bullfrogs
  8 wights
  6 howler monkeys
  2 crimson imps
  2 centaur zombies
  A jelly (D:7)
  A quasit (D:5)
  A bullfrog skeleton (D:9)
  4 hounds
  3 orc priests
  7 worker ants
  Terence (D:3)
  3 iguanas
  Natasha (thrice) (D:2)
  5 orc wizards
  A statue (D:9)
  A killer bee zombie (D:9)
  A hound skeleton (D:5)
  Robin (D:3)
  11 adders
  2 shadow imps
  2 oozes
  2 adder skeletons
  3 worms
  2 dart slugs (D:2)
  3 leopard geckos
  11 orcs
  7 bats
  6 giant cockroaches
  24 goblins
  18 hobgoblins
  7 jackals
  11 kobolds
  3 quokkas
  2 ball pythons
  7 frilled lizards
  A jackal skeleton (D:3)
  A leopard gecko skeleton (D:6)
  A leopard gecko zombie (D:5)
  A quokka skeleton (D:7)
  10 rats
212 creatures vanquished.

Vanquished Creatures (collateral kills)
  A two-headed ogre (D:9)
  A molten gargoyle (D:10)
  A troll (D:9)
  2 slime creatures (D:9)
  4 yaks
  Eustachio (D:6)
  A hungry ghost (D:8)
  2 orc warriors
  An ice beast (D:9)
  5 wights (D:9)
  A hound (D:10)
  An orc priest (D:9)
  An iguana (D:7)
  An orc wizard (D:9)
  5 orcs
28 creatures vanquished.

Vanquished Creatures (others)
  A giant cockroach (D:5)
  A quokka (D:5)
  A bat (D:5)
  2 withered plants (D:3)
5 creatures vanquished.

Grand Total: 245 creatures vanquished

Notes
Turn   | Place    | Note
-------+----------+-------------------------------------------
     0 | D:1      | IceCat the Deep Elf Ice Elementalist began the quest for the Orb.
     0 | D:1      | Reached XP level 1. HP: 10/10 MP: 6/6
   167 | D:1      | Reached XP level 2. HP: 10/15 MP: 2/8
   427 | D:1      | Learned a level 2 spell: Throw Frost
   770 | D:1      | Reached XP level 3. HP: 19/19 MP: 5/10
  1234 | D:2      | You fall through a shaft!
  1246 | D:2      | Reached skill level 4 in Spellcasting
  1552 | D:2      | Found a shattered altar of Ashenzari.
  1572 | D:2      | Reached XP level 4. HP: 21/24 MP: 4/12
  1781 | D:2      | Noticed Natasha
  1829 | D:2      | Learned a level 4 spell: Throw Icicle
  1834 | D:2      | Killed Natasha
  2033 | D:2      | Reached skill level 5 in Spellcasting
  2033 | D:2      | Reached XP level 5. HP: 28/28 MP: 7/14
  2196 | D:2      | Found a deep blue altar of Sif Muna.
  2199 | D:2      | Became a worshipper of Sif Muna the Loreminder
  2226 | D:3      | Reached skill level 5 in Ice Magic
  2576 | D:3      | Noticed a water moccasin
  2793 | D:3      | Noticed Terence
  2869 | D:2      | Noticed Natasha
  2873 | D:2      | Killed Natasha
  2876 | D:2      | Noticed Natasha
  2886 | D:2      | Killed Natasha
  3347 | D:3      | Noticed Robin
  3428 | D:3      | Found an ancient bone altar of Kikubaaqudgha.
  3440 | D:3      | Killed Robin
  3440 | D:3      | Reached XP level 6. HP: 32/32 MP: 2/16
  3572 | D:3      | Found a blossoming altar of Fedhas.
  3719 | D:3      | Killed a water moccasin
  3719 | D:3      | Reached skill level 6 in Spellcasting
  3799 | D:3      | Killed Terence
  4134 | D:4      | Learned a level 3 spell: Ozocubu's Armour
  4141 | D:4      | Learned a level 4 spell: Summon Ice Beast
  4192 | D:4      | Reached * piety under Sif Muna
  4435 | D:4      | Reached XP level 7. HP: 30/36 MP: 10/19
  4485 | D:4      | Found a white marble altar of Elyvilon.
  4822 | D:5      | Entered Level 5 of the Dungeon
  5215 | D:5      | Learned a level 3 spell: Portal Projectile
  5237 | D:5      | Found a staircase to the Ecumenical Temple.
  5308 | D:5      | Reached skill level 1 in Summonings
  5421 | D:5      | Reached skill level 7 in Spellcasting
  5588 | D:5      | Reached skill level 1 in Hexes
  5830 | D:6      | Noticed Eustachio
  5835 | D:6      | Killed Eustachio
  5835 | D:6      | Reached skill level 1 in Translocations
  5977 | D:6      | Found Fuogiom's Magic Scroll Shoppe.
  6188 | D:6      | Reached XP level 8. HP: 41/41 MP: 11/21
  6729 | D:6      | Reached ** piety under Sif Muna
  6949 | D:6      | Found an ornate altar of the Wu Jian Council.
  7506 | D:6      | Reached skill level 8 in Spellcasting
  7511 | D:6      | Found a stormy altar of Qazlal.
  7772 | D:7      | Reached *** piety under Sif Muna
  8009 | D:6      | Reached skill level 5 in Conjurations
  8009 | D:6      | Reached XP level 9. HP: 12/45 MP: 0/23
  8173 | D:7      | Reached skill level 1 in Armour
  8887 | D:7      | Reached skill level 9 in Spellcasting
  9231 | D:7      | Noticed Prince Ribbit
  9234 | D:7      | Killed Prince Ribbit
  9234 | D:7      | Reached **** piety under Sif Muna
  9234 | D:7      | Reached skill level 1 in Invocations
  9453 | D:8      | Found a runed door.
  9460 | D:8      | Noticed Htamos's ghost (novice CeEE)
  9523 | D:8      | Killed Htamos's ghost
  9762 | D:8      | Reached skill level 5 in Hexes
  9762 | D:8      | Reached skill level 5 in Summonings
 10183 | D:8      | Noticed Psyche
 10187 | D:8      | Killed Psyche
 10187 | D:8      | Reached ***** piety under Sif Muna
 10187 | D:8      | Reached skill level 10 in Spellcasting
 10187 | D:8      | Reached XP level 10. HP: 42/50 MP: 0/26
 10498 | D:8      | Received a gift from Sif Muna
 10505 | D:8      | Learned a level 2 spell: Passwall
 11024 | D:9      | Got a slimy leather armour
 11035 | D:9      | Identified the +3 leather armour of the Ward {rCorr} (You found it on level 9 of the Dungeon)
 11311 | D:9      | Reached skill level 5 in Translocations
 11651 | D:9      | Found a staircase to the Lair.
 11676 | D:9      | Found an iron altar of Okawaru.
 12116 | D:9      | Found a glowing golden altar of the Shining One.
 12206 | D:9      | Noticed a two-headed ogre
 12215 | D:9      | Killed a two-headed ogre
 12215 | D:9      | Reached skill level 5 in Stealth
 12255 | D:9      | Found a radiant altar of Vehumet.
 12532 | D:10     | Entered Level 10 of the Dungeon
 12700 | D:10     | Noticed a molten gargoyle
 12988 | D:10     | Noticed a molten gargoyle
 12992 | D:10     | Noticed a molten gargoyle
 13011 | D:10     | Killed a molten gargoyle
 13011 | D:10     | Killed from afar by a molten gargoyle

Skill      XL: |  1  2  3  4  5  6  7  8  9 10 |
---------------+-------------------------------+-----
Ice Magic      | 4 5 6 7 8 9 |  9.9
Spellcasting   | 4 5 6 7 8 10 | 10.1
Conjurations   | 2 3 4 5 6 |  6.5
Summonings     | 2 4 5 |  5.0
Stealth        | 3 5 |  5.9
Hexes          | 2 3 5 |  5.0
Translocations | 1 3 4 5 |  5.8
Armour         | 1 |  1.4
Invocations    | 2 4 |  4.1
Dodging        | 3 |  3.2

Action                   |  1- 3 |  4- 6 |  7- 9 | 10-12 || total
-------------------------+-------+-------+-------+-------++-------
Melee: Dagger            |     7 |       |     1 |     1 ||     9
 Cast: Freeze            |    40 |    37 |    25 |       ||   102
       Throw Frost       |    32 |    95 |    48 |    10 ||   185
       Throw Icicle      |       |     8 |   109 |    67 ||   184
       Ozocubu's Armour  |       |     1 |     1 |       ||     2
       Summon Ice Beast  |       |       |    13 |    36 ||    49
       Portal Projectile |       |       |     2 |     1 ||     3
Invok: Divine Energy     |       |     1 |       |       ||     1
  Use: Scroll            |       |       |     3 |       ||     3
  Eat: Chunk             |     3 |     9 |    17 |     7 ||    36
       Ration            |       |       |     3 |       ||     3
Armor: Robe              |     3 |     1 |     3 |     1 ||     8
       Leather armour    |       |       |     3 |     2 ||     5
Dodge: Dodged            |    25 |    16 |    28 |    23 ||    92
